General information
- name: BNet
- type: Ladder team game (AT/RT)
- host: Battle.net
- saver: Moron_omnio
map: FullScaleAssault
- players: 8
- length: 03:42
- speed: Fast
- version: 1.26 W3XP
- replay type: Public
» download(17 KB)
Players
team 1 (loser)
imwastedagain (
yellow | 8 APM | 28 actions | 03:22)
» actions
| Basic commands | 4 | |
| Build / train | 3 | |
| Enter build submenu | 6 | |
| Select / deselect | 7 | |
| Use ability | 8 | |
28 total
» units
» buildings
| Graveyard | 1 | |
| Crypt | 1 | |
| Altar of Darkness | 1 | |
| Ziggurat | 2 | |
| Tomb of Relics | 1 | |
6 total
» build order
00:59 Graveyard
01:13 Crypt
01:16 Altar of Darkness
01:20 Ziggurat
01:24 Tomb of Relics
01:38 Ziggurat
ARCTlC.BASH (
blue | 16 APM | 60 actions | 03:39)
1 Archmage
1 Blizzard
» actions
| Assign group hotkey | 3 | |
| Basic commands | 10 | |
| Build / train | 8 | |
| Enter build submenu | 2 | |
| Enter hero's abilities submenu | 1 | |
| Right click | 8 | |
| Select / deselect | 13 | |
| Select group hotkey | 9 | |
| Use ability | 6 | |
60 total
» units
» buildings
» build order
00:03 Altar of Kings
00:05 Farm

»
GOOFY-BOOTS (
pink | 12 APM | 45 actions | 03:37)
» actions
| Build / train | 10 | |
| Enter build submenu | 7 | |
| Right click | 10 | |
| Select / deselect | 11 | |
| Use ability | 7 | |
45 total
» units
» buildings
| Altar of Kings | 1 | |
| Farm | 1 | |
| Arcane Vault | 1 | |
| Lumber Mill | 1 | |
| Scout Tower | 1 | |
5 total
» build order
00:12 Altar of Kings
00:19 Farm
01:18 Arcane Vault
02:15 Lumber Mill
03:24 Scout Tower
lhbwhy (
red | 15 APM | 52 actions | 03:28)
1 Archmage
1 Summon Water Elemental
» actions
| Build / train | 14 | |
| ESC pressed | 1 | |
| Enter build submenu | 4 | |
| Enter hero's abilities submenu | 1 | |
| Right click | 6 | |
| Select / deselect | 21 | |
| Use ability | 5 | |
52 total
» units
» buildings
| Altar of Kings | 1 | |
| Farm | 2 | |
| Barracks | 1 | |
| Keep | 1 | |
5 total
» build order
00:34 Altar of Kings
00:44 Farm
01:46 Barracks
03:07 Keep
03:10 Farm
team 2 (winner)

»
Moron_omnio (
green | 46 APM | 172 actions | 03:42)
1 Blademaster
1 Wind Walk
» actions
| Assign group hotkey | 6 | |
| Build / train | 18 | |
| Enter build submenu | 6 | |
| Enter hero's abilities submenu | 1 | |
| Right click | 67 | |
| Select / deselect | 30 | |
| Select group hotkey | 37 | |
| Use ability | 7 | |
172 total
» units
» upgrades
» buildings
| Orc Burrow | 1 | |
| Altar of Storms | 1 | |
| Voodoo Lounge | 2 | |
| War Mill | 1 | |
| Stronghold | 1 | |
6 total
» build order
00:15 Orc Burrow
00:21 Altar of Storms
01:40 Voodoo Lounge
01:48 War Mill
02:38 Stronghold
03:02 Voodoo Lounge
» items
| Healing Salve | 1 | |
| Lesser Clarity Potion | 2 | |
| Scroll of Speed | 1 | |
4 total

»
FIASHBANG_OMNlO (
teal | 47 APM | 172 actions | 03:40)
1 Archmage
1 Blizzard
» actions
| Basic commands | 9 | |
| Build / train | 12 | |
| Enter build submenu | 6 | |
| Enter hero's abilities submenu | 1 | |
| Right click | 61 | |
| Select / deselect | 77 | |
| Use ability | 6 | |
172 total
» units
» buildings
| Altar of Kings | 1 | |
| Farm | 2 | |
| Lumber Mill | 1 | |
| Arcane Vault | 1 | |
5 total
» build order
00:04 Altar of Kings
00:56 Farm
01:27 Farm
01:37 Lumber Mill
01:44 Arcane Vault

»
BillCosby (
purple | 28 APM | 104 actions | 03:40)
» actions
| Assign group hotkey | 2 | |
| Build / train | 14 | |
| Enter build submenu | 12 | |
| Remove unit from queue | 1 | |
| Right click | 15 | |
| Select / deselect | 49 | |
| Select group hotkey | 2 | |
| Use ability | 9 | |
104 total
» units
» buildings
| Barracks | 1 | |
| Farm | 5 | |
| Altar of Kings | 1 | |
| Lumber Mill | 1 | |
| Blacksmith | 1 | |
9 total
» build order
00:23 Barracks
00:37 Farm
01:00 Altar of Kings
01:09 Farm
01:31 Lumber Mill
01:38 Farm
02:11 Blacksmith
02:44 Farm
03:28 Farm

»
kland (
orange | 29 APM | 106 actions | 03:40)
1 Keeper of the Grove
1 Force of Nature
» actions
| Basic commands | 6 | |
| Build / train | 19 | |
| Enter build submenu | 8 | |
| Enter hero's abilities submenu | 1 | |
| Right click | 16 | |
| Select / deselect | 46 | |
| Use ability | 10 | |
106 total
» units
» upgrades
» buildings
| Moon Well | 4 | |
| Altar of Elders | 1 | |
| Ancient of War | 1 | |
| Hunter's Hall | 1 | |
7 total
» build order
00:25 Moon Well
00:38 Altar of Elders
01:21 Ancient of War
01:40 Moon Well
02:10 Hunter's Hall
02:38 Moon Well
03:27 Moon Well
Chat log
(00:09 / All) Moron_omnio: GUYS I HEARD THAT LORDAERON IS THE BEST SERVER IS IT TRUE?
(00:11 / Allies) FIASHBANG_OMNlO: south
(00:17 / All) ARCTlC.BASH: stfu
(00:18 / All) ARCTlC.BASH: Clan tR! Home of Gay Fun and Ass-Pillaging!!!
(00:23 / Allies) FIASHBANG_OMNlO: wanna do north?
(00:25 / All) GOOFY-BOOTS: WEST IS THE BE$T
(00:26 / Allies) BillCosby: hello
(00:27 / All) Moron_omnio: CLAN TOWA
(00:32 / Allies) BillCosby: what heros is everyone getting
(00:34 / All) ARCTlC.BASH: Clan tR! Home of Gay Fun and Ass-Pillaging!!!
(00:35 / All) imwastedagain: east fuked up
(00:36 / Allies) Moron_omnio: nah I'm going to do SC2no.WC3yes's BM rush
(00:38 / All) imwastedagain: thats why im here
(00:44 / Allies) FIASHBANG_OMNlO: oh?
(00:49 / Allies) FIASHBANG_OMNlO: what does that entail?
(00:51 / All) ARCTlC.BASH: im glad it's fucked up
(00:57 / All) ARCTlC.BASH: more ppl on 1 server = faster games
(00:59 / Allies) Moron_omnio: he early BM rushes and builds shops on their side
(01:02 / All) imwastedagain: yeah true
(01:09 / All) imwastedagain: that prob did it on purpose
(01:14 / Allies) FIASHBANG_OMNlO: ah
(01:21 / All) GOOFY-BOOTS: I BLAME THE JEWS
(01:31 / All) Moron_omnio: YOU RACIST SON OF A BITCH
(01:45 / All) imwastedagain: its not racist
(01:51 / All) imwastedagain: lots of races are fuked up
(02:00 / All) Moron_omnio: JESUS > ALL BLAH BLAH BLAH RELIGIOUS CRAP
(02:08 / All) imwastedagain: yeah those cunts deserve to die
(02:20 / All) GOOFY-BOOTS: I DIDNT MEAN THAT
(02:25 / All) GOOFY-BOOTS: I JUST BLAME THE JEWS, lol
(02:26 / All) Moron_omnio: DID YOU KNOW THAT GOD HATES YOU?
(02:27 / All) GOOFY-BOOTS: =D
(02:32 / All) ARCTlC.BASH: fuck religion
(02:37 / All) GOOFY-BOOTS: BLUE=(
(02:41 / All) GOOFY-BOOTS: NOW I ARE SADS
(02:46 / All) GOOFY-BOOTS: ::cries::
(02:56 / All) ARCTlC.BASH: religion is for feeble-minded humans
(03:01 / All) GOOFY-BOOTS: dont kill the aussie
(03:04 / All) GOOFY-BOOTS: they're nice
(03:07 / All) GOOFY-BOOTS: =(
(03:26 / Allies) FIASHBANG_OMNlO: hahaa
(03:27 / All) ARCTlC.BASH: :'(
(03:29 / All) ARCTlC.BASH: he tked me
(03:30 / Allies) FIASHBANG_OMNlO: i've played iwth him before
(03:32 / Allies) Moron_omnio: groan
(03:32 / All) GOOFY-BOOTS: BYE
(03:37 / All) ARCTlC.BASH: pink joined in